| TOP OF THE 1ST |
|
Williamsport Greys batting - Pitching for Utica Blue Jays : RHP Julio Nunez
|
|
Pitching: RHP Julio Nunez
|
|
|
Batting: RHB Omar Garcia
|
0-0: Ground out 2-3 (Groundball, 15S, EV 66.3 MPH)
|
|
Batting: SHB Chris Howard
|
0-0: Ball 1-0: Swinging Strike 1-1: Fly out, F7 (Flyball, 7S, EV 95.6 MPH)
|
|
Batting: LHB Angel Bayron
|
0-0: Fly out, F7 (Flyball, 7, EV 97.5 MPH)
|
| Top of the 1st over - 0 runs, 0 hits, 0 errors, 0 left on base; Williamsport 0 - Utica 0 |
| BOTTOM OF THE 1ST |
|
Utica Blue Jays batting - Pitching for Williamsport Greys : LHP Ron Krauss
|
|
Pitching: LHP Ron Krauss
|
|
|
Batting: RHB Ed Allen
|
0-0: Foul Ball, location: 2F 0-1: Ground out 5-3 (Groundball, 56, EV 86.3 MPH)
|
|
Batting: SHB Delwyn Young
|
0-0: Foul Ball, location: 2F 0-1: Ball 1-1: Foul Ball, location: 2F 1-2: Foul Ball, location: 2F 1-2: Ball 2-2: Ball 3-2: SINGLE (Line Drive, 4MD, EV 93.8 MPH)
|
|
Batting: RHB Jose Gonzalez
|
0-0: Ball 1-0: Foul Ball, location: 2F 1-1: Ball 2-1: Called Strike 2-2: Foul Ball, location: 2F 2-2: Ball 3-2: Fly out, F7 (Flyball, 7S, EV 77.5 MPH)
|
|
Batting: LHB Dave Clark
|
0-0: Called Strike 0-1: Ball 1-1: Foul Ball, location: 2F 1-2: Foul Ball, location: 2F 1-2: Ball 2-2: Ball 3-2: Strikes out swinging
|
| Bottom of the 1st over - 0 runs, 1 hit, 0 errors, 1 left on base; Williamsport 0 - Utica 0 |
| TOP OF THE 2ND |
|
Williamsport Greys batting - Pitching for Utica Blue Jays : RHP Julio Nunez
|
|
Batting: RHB Rodney Martin
|
0-0: Called Strike 0-1: Fly out, F9 (Line Drive, 9D, EV 106.9 MPH)
|
|
Batting: RHB Doug Carpenter
|
0-0: Ball 1-0: Foul Ball, location: 2F 1-1: Called Strike 1-2: Ball 2-2: Fly out, F8 (Line Drive, 8LD, EV 93.8 MPH)
|
|
Batting: SHB Edwin Darling
|
0-0: Ball 1-0: Ball 2-0: Swinging Strike 2-1: Called Strike 2-2: Strikes out swinging
|
| Top of the 2nd over - 0 runs, 0 hits, 0 errors, 0 left on base; Williamsport 0 - Utica 0 |
| BOTTOM OF THE 2ND |
|
Utica Blue Jays batting - Pitching for Williamsport Greys : LHP Ron Krauss
|
|
Batting: LHB Robert Williamson
|
0-0: Foul Ball, location: 2F 0-1: Ball 1-1: Called Strike 1-2: Ball 2-2: Foul Ball, location: 2F 2-2: Fly out, F9 (Flyball, 9, EV 83.8 MPH)
|
|
Batting: RHB Ricky Jordan
|
0-0: Ball 1-0: Fly out, F6 (Line Drive, 6, EV 63.8 MPH)
|
|
Batting: RHB Doug Gwosdz
|
0-0: Called Strike 0-1: Ball 1-1: Foul Ball, location: 2F 1-2: Fly out, F9 (Flyball, 89M, EV 91.3 MPH)
|
| Bottom of the 2nd over - 0 runs, 0 hits, 0 errors, 0 left on base; Williamsport 0 - Utica 0 |
| TOP OF THE 3RD |
|
Williamsport Greys batting - Pitching for Utica Blue Jays : RHP Julio Nunez
|
|
Batting: RHB Eddie Williams
|
0-0: Called Strike 0-1: Ball 1-1: Called Strike 1-2: Foul Ball, location: 2F 1-2: Foul Ball, location: 2F 1-2: Ball 2-2: Ball 3-2: Fly out, F9 (Flyball, 9D, EV 93.1 MPH)
|
|
Batting: RHB Thomas Niemann
|
0-0: Fly out, F7 (Flyball, 7LM, EV 91.3 MPH)
|
|
Batting: RHB Brad Luther
|
0-0: Ground out 6-3 (Groundball, 6, EV 86.3 MPH)
|
| Top of the 3rd over - 0 runs, 0 hits, 0 errors, 0 left on base; Williamsport 0 - Utica 0 |
| BOTTOM OF THE 3RD |
|
Utica Blue Jays batting - Pitching for Williamsport Greys : LHP Ron Krauss
|
|
Batting: RHB Eddie Santiago
|
0-0: Called Strike 0-1: Foul Ball, location: 2F 0-2: Ball 1-2: Ball 2-2: Ball 3-2: Base on Balls
|
|
Batting: RHB Gustavo Hernandez
|
0-0: Ball 1-0: Ball 2-0: Foul Ball, location: 2F 2-1: Fly out, F7 (Flyball, 7LS, EV 83.8 MPH)
|
|
Batting: RHB Ed Allen
|
0-0: Called Strike 0-1: Called Strike 0-2: Ball 1-2: Ball 2-2: Grounds into double play, 6-4-3 (Groundball, 6, EV 108.8 MPH)
|
| Bottom of the 3rd over - 0 runs, 0 hits, 0 errors, 0 left on base; Williamsport 0 - Utica 0 |
| TOP OF THE 4TH |
|
Williamsport Greys batting - Pitching for Utica Blue Jays : RHP Julio Nunez
|
|
Batting: RHB Omar Garcia
|
0-0: Foul Ball, location: 2F 0-1: Swinging Strike 0-2: Foul Ball, location: 2F 0-2: SINGLE (Flyball, 6MD, EV 86.9 MPH)
|
|
Batting: SHB Chris Howard
|
0-0: Ball 1-0: Called Strike Omar Garcia steals 2nd base 1-1: Swinging Strike 1-2: Foul Ball, location: 2F 1-2: Ball 2-2: Foul Ball, location: 2F 2-2: Fly out, F9 (Flyball, 9S, EV 88.1 MPH)
|
|
Batting: LHB Angel Bayron
|
0-0: Called Strike 0-1: Ball 1-1: Swinging Strike 1-2: Ground out 4-3 (Groundball, 4, EV 100.6 MPH) Omar Garcia to third
|
|
Batting: RHB Rodney Martin
|
0-0: Called Strike 0-1: Ball 1-1: Swinging Strike 1-2: Ball 2-2: Strikes out swinging
|
| Top of the 4th over - 0 runs, 1 hit, 0 errors, 1 left on base; Williamsport 0 - Utica 0 |
| BOTTOM OF THE 4TH |
|
Utica Blue Jays batting - Pitching for Williamsport Greys : LHP Ron Krauss
|
|
Batting: SHB Delwyn Young
|
0-0: Called Strike 0-1: Foul Ball, location: 2F 0-2: Fly out, F3 (Popup, 3SF, EV 80.6 MPH)
|
|
Batting: RHB Jose Gonzalez
|
0-0: Ball 1-0: Called Strike 1-1: Ground out 4-3 (Groundball, 4S, EV 90.6 MPH)
|
|
Batting: LHB Dave Clark
|
0-0: Swinging Strike 0-1: Ball 1-1: SINGLE (Flyball, 6D, EV 93.1 MPH)
|
|
Batting: LHB Robert Williamson
|
0-0: Ball 1-0: Foul Ball, location: 2F 1-1: Foul Ball, location: 2F 1-2: Ball 2-2: Reached via error on a dropped throw from 2B, E3 (Groundball, 4, EV 88.8 MPH) Dave Clark to second
|
|
Batting: RHB Ricky Jordan
|
0-0: Called Strike 0-1: Fly out, F8 (Line Drive, 8LD, EV 86.9 MPH)
|
| Bottom of the 4th over - 0 runs, 1 hit, 1 error, 2 left on base; Williamsport 0 - Utica 0 |
| TOP OF THE 5TH |
|
Williamsport Greys batting - Pitching for Utica Blue Jays : RHP Julio Nunez
|
|
Batting: RHB Doug Carpenter
|
0-0: Foul Ball, location: 2F 0-1: Ball 1-1: Swinging Strike 1-2: SINGLE (Groundball, 34S, EV 63.8 MPH) (infield hit)
|
|
Batting: SHB Edwin Darling
|
0-0: Ball 1-0: Foul Ball, location: 2F 1-1: Fly out, F8 (Flyball, 8LS, EV 78.8 MPH)
|
|
Batting: RHB Eddie Williams
|
0-0: Ball 1-0: Called Strike 1-1: Fly out, F9 (Flyball, 89D, EV 99.4 MPH)
|
|
Batting: RHB Thomas Niemann
|
0-0: Called Strike 0-1: Foul Ball, location: 2F 0-2: Strikes out swinging
|
| Top of the 5th over - 0 runs, 1 hit, 0 errors, 1 left on base; Williamsport 0 - Utica 0 |
| BOTTOM OF THE 5TH |
|
Utica Blue Jays batting - Pitching for Williamsport Greys : LHP Ron Krauss
|
|
Batting: RHB Doug Gwosdz
|
0-0: Ball 1-0: Foul Ball, location: 2F 1-1: Called Strike 1-2: Fly out, F9 (Flyball, 89M, EV 88.1 MPH)
|
|
Batting: RHB Eddie Santiago
|
0-0: Foul Ball, location: 2F 0-1: Fly out, F8 (Line Drive, 8LM, EV 91.3 MPH)
|
|
Batting: RHB Gustavo Hernandez
|
0-0: Called Strike 0-1: Foul Ball, location: 2F 0-2: Foul Ball, location: 2F 0-2: Foul Ball, location: 2F 0-2: Ball 1-2: Ground out 6-3 (Groundball, 6, EV 101.3 MPH)
|
| Bottom of the 5th over - 0 runs, 0 hits, 0 errors, 0 left on base; Williamsport 0 - Utica 0 |
| TOP OF THE 6TH |
|
Williamsport Greys batting - Pitching for Utica Blue Jays : RHP Julio Nunez
|
|
Batting: RHB Brad Luther
|
0-0: SINGLE (Groundball, 6MD, EV 101.9 MPH)
|
|
Batting: RHB Omar Garcia
|
0-0: Sac Bunt to 15 - play at first, batter OUT! 1-4 Brad Luther to second
|
|
Batting: SHB Chris Howard
|
0-0: Called Strike 0-1: Ball 1-1: Ball 2-1: Ground out 6-3 (Groundball, 6, EV 86.9 MPH)
|
|
Batting: LHB Angel Bayron
|
0-0: Ball 1-0: SINGLE (Line Drive, 78M, EV 95.6 MPH) Brad Luther to third Runner from 3rd tries for Home, SAFE, throw by LF to home Angel Bayron to second
|
|
Batting: RHB Rodney Martin
|
0-0: Called Strike 0-1: Called Strike 0-2: Fly out, F7 (Flyball, 78S, EV 88.8 MPH)
|
| Top of the 6th over - 1 run, 2 hits, 0 errors, 1 left on base; Williamsport 1 - Utica 0 |
| BOTTOM OF THE 6TH |
|
Utica Blue Jays batting - Pitching for Williamsport Greys : LHP Ron Krauss
|
|
Batting: RHB Ed Allen
|
0-0: Ball 1-0: Ball 2-0: Ball 3-0: Foul Ball, location: 2F 3-1: Base on Balls
|
|
Batting: SHB Delwyn Young
|
0-0: Ball 1-0: Ball 2-0: Called Strike 2-1: DOUBLE (Line Drive, 9LS, EV 98.8 MPH) Ed Allen to third
|
|
Batting: RHB Jose Gonzalez
|
0-0: Fly out, F2 (Popup, 2R, EV 90.6 MPH)
|
|
Batting: LHB Dave Clark
|
0-0: Foul Ball, location: 2F 0-1: Foul Ball, location: 2F 0-2: SINGLE (Line Drive, 78S, EV 92.5 MPH) Ed Allen scores Delwyn Young to third Runner from 3rd tries for Home, SAFE, throw by CF to home
|
|
Batting: LHB Robert Williamson
|
0-0: Called Strike 0-1: Fly out, F8 (Flyball, 8LM, EV 78.8 MPH)
|
|
Batting: RHB Ricky Jordan
|
0-0: SINGLE (Groundball, 6MD, EV 94.4 MPH) Dave Clark to second Runner from 2nd tries for 3rd, SAFE, throw by CF made to third
|
|
Batting: RHB Doug Gwosdz
|
0-0: Called Strike 0-1: Swinging Strike 0-2: Ball 1-2: Ball 2-2: Foul Ball, location: 2F 2-2: Fly out, F7 (Flyball, 7, EV 93.1 MPH)
|
| Bottom of the 6th over - 2 runs, 3 hits, 0 errors, 2 left on base; Williamsport 1 - Utica 2 |
| TOP OF THE 7TH |
|
Williamsport Greys batting - Pitching for Utica Blue Jays : RHP Julio Nunez
|
|
Batting: RHB Doug Carpenter
|
0-0: Ball 1-0: Ball 2-0: Ball 3-0: Base on Balls
|
|
Batting: SHB Edwin Darling
|
0-0: Ball 1-0: Foul Ball, location: 2F 1-1: Ball 2-1: Called Strike Doug Carpenter steals 2nd base 2-2: Ball 3-2: Base on Balls
|
|
Pinch Hitting: SHB Bruce Stocker
|
0-0: Bunted foul 0-1: Bunt missed! 0-2: Ball 1-2: Ball 2-2: SINGLE (Flyball, 34D, EV 90.0 MPH) Doug Carpenter to third Edwin Darling to second
|
|
Batting: RHB Thomas Niemann
|
0-0: DOUBLE (Flyball, 78D, EV 98.8 MPH) Doug Carpenter scores Edwin Darling scores Bruce Stocker to third
|
|
Batting: RHB Brad Luther
|
0-0: Ball 1-0: Foul Ball, location: 2F 1-1: SINGLE (Groundball, 56D, EV 103.1 MPH) Bruce Stocker scores Thomas Niemann to third
|
|
Batting: RHB Omar Garcia
|
0-0: Ball 1-0: Called Strike 1-1: Called Strike 1-2: Fielders Choice at 2nd, 4-6 (Groundball, 34, EV 81.3 MPH) Thomas Niemann scores
|
|
Batting: SHB Chris Howard
|
0-0: Called Strike 0-1: Ball 1-1: Foul Ball, location: 2F 1-2: Strikes out swinging Omar Garcia steals 2nd base (no throw) Batter strikes out.
|
|
Batting: LHB Angel Bayron
|
0-0: SINGLE (Line Drive, 8RS, EV 91.3 MPH) Omar Garcia to third Runner from 3rd tries for Home, SAFE, throw by CF to home
|
|
Pitching: RHP Mike Cerefin
|
|
|
Batting: RHB Rodney Martin
|
0-0: Ball 1-0: Called Strike 1-1: Swinging Strike 1-2: Ball 2-2: Strikes out swinging
|
| Top of the 7th over - 5 runs, 4 hits, 0 errors, 1 left on base; Williamsport 6 - Utica 2 |
| BOTTOM OF THE 7TH |
|
Utica Blue Jays batting - Pitching for Williamsport Greys : LHP Ron Krauss
|
|
Now at 3B: Ken Emmert
|
|
|
Batting: RHB Eddie Santiago
|
0-0: Fly out, F8 (Line Drive, 8LM, EV 89.4 MPH)
|
|
Batting: RHB Gustavo Hernandez
|
0-0: Ball 1-0: Foul Ball, location: 2F 1-1: Ground out 6-3 (Groundball, 6, EV 78.1 MPH)
|
|
Batting: RHB Ed Allen
|
0-0: Fly out, F7 (Flyball, 7, EV 95.0 MPH)
|
| Bottom of the 7th over - 0 runs, 0 hits, 0 errors, 0 left on base; Williamsport 6 - Utica 2 |
| TOP OF THE 8TH |
|
Williamsport Greys batting - Pitching for Utica Blue Jays : RHP Mike Cerefin
|
|
Batting: RHB Doug Carpenter
|
0-0: Ball 1-0: Ball 2-0: Ball 3-0: Base on Balls
|
|
Batting: SHB Edwin Darling
|
0-0: Ball Doug Carpenter steals 2nd base 1-0: Foul Ball, location: 2F 1-1: Foul Ball, location: 2F 1-2: Ball 2-2: Strikes out looking
|
|
Batting: RHB Ken Emmert
|
0-0: Called Strike 0-1: Called Strike 0-2: Strikes out swinging
|
|
Batting: RHB Thomas Niemann
|
0-0: Ball 1-0: Ball 2-0: Called Strike 2-1: Ball 3-1: DOUBLE (Line Drive, 8RD, EV 105.6 MPH) Doug Carpenter scores
|
|
Batting: RHB Brad Luther
|
0-0: Foul Ball, location: 2F 0-1: Ball Wild Pitch! Thomas Niemann to third 1-1: Ground out 6-3 (Groundball, 6M, EV 88.1 MPH)
|
| Top of the 8th over - 1 run, 1 hit, 0 errors, 1 left on base; Williamsport 7 - Utica 2 |
| BOTTOM OF THE 8TH |
|
Utica Blue Jays batting - Pitching for Williamsport Greys : LHP Ron Krauss
|
|
Batting: SHB Delwyn Young
|
0-0: Ball 1-0: Ball 2-0: Ball 3-0: Called Strike 3-1: Foul Ball, location: 2F 3-2: Base on Balls
|
|
Batting: RHB Jose Gonzalez
|
0-0: Ball 1-0: Ball 2-0: Swinging Strike 2-1: Swinging Strike 2-2: Strikes out swinging
|
|
Batting: LHB Dave Clark
|
0-0: Called Strike 0-1: Ball 1-1: Ball 2-1: Ball 3-1: TRIPLE (Flyball, 89XD, EV 94.4 MPH) Delwyn Young scores
|
|
Batting: LHB Robert Williamson
|
0-0: Ball 1-0: Ball 2-0: Called Strike 2-1: Ball 3-1: Ground out 4-3 (Groundball, 4, EV 103.1 MPH) Dave Clark scores
|
|
Batting: RHB Ricky Jordan
|
0-0: Ball 1-0: Called Strike 1-1: Ball 2-1: Called Strike 2-2: Strikes out swinging
|
| Bottom of the 8th over - 2 runs, 1 hit, 0 errors, 0 left on base; Williamsport 7 - Utica 4 |
| TOP OF THE 9TH |
|
Williamsport Greys batting - Pitching for Utica Blue Jays : RHP Mike Cerefin
|
|
Batting: RHB Omar Garcia
|
0-0: Ball 1-0: Called Strike 1-1: Foul Ball, location: 2F 1-2: Ground out 5-3 (Groundball, 56, EV 82.5 MPH)
|
|
Batting: SHB Chris Howard
|
0-0: Ball 1-0: Foul Ball, location: 2F 1-1: Fly out, F7 (Flyball, 7LM, EV 97.5 MPH)
|
|
Batting: LHB Angel Bayron
|
0-0: Ball 1-0: Foul Ball, location: 2F 1-1: Ball 2-1: Swinging Strike 2-2: Strikes out swinging
|
| Top of the 9th over - 0 runs, 0 hits, 0 errors, 0 left on base; Williamsport 7 - Utica 4 |
| BOTTOM OF THE 9TH |
|
Utica Blue Jays batting - Pitching for Williamsport Greys : LHP Ron Krauss
|
|
Batting: RHB Doug Gwosdz
|
0-0: Ball 1-0: Foul Ball, location: 2F 1-1: Ball 2-1: SOLO HOME RUN (Flyball, 9D, EV 95.0 MPH), Distance : 382 ft
|
|
Pitching: LHP Pedro Lopez
|
|
|
Batting: RHB Eddie Santiago
|
0-0: Ball 1-0: Foul Ball, location: 2F 1-1: Foul Ball, location: 2F 1-2: Ball 2-2: SOLO HOME RUN (Flyball, 78XD, EV 103.8 MPH), Distance : 428 ft
|
|
Pinch Hitting: RHB James McGilvray
|
0-0: Swinging Strike 0-1: Called Strike 0-2: Ball 1-2: Ball 2-2: Ball 3-2: Ground out 6-3 (Groundball, 56, EV 92.5 MPH)
|
|
Batting: RHB Ed Allen
|
0-0: Called Strike 0-1: Ball 1-1: SINGLE (Flyball, 89S, EV 90.6 MPH)
|
|
Batting: SHB Delwyn Young
|
0-0: Ball 1-0: Called Strike 1-1: SINGLE (Groundball, 6S, EV 67.5 MPH) (infield hit) Ed Allen to second
|
|
Batting: RHB Jose Gonzalez
|
0-0: Ball 1-0: Called Strike 1-1: Reached on error, E3 (Groundball, 34, EV 101.3 MPH) Ed Allen to third Delwyn Young to second
|
|
Batting: LHB Dave Clark
|
0-0: Called Strike 0-1: Foul Ball, location: 2F 0-2: DOUBLE (Flyball, 5D, EV 95.0 MPH) Ed Allen scores Delwyn Young scores
|
| Bottom of the 9th over - 4 runs, 5 hits, 1 error, 0 left on base; Williamsport 7 - Utica 8 |
|